 Dungeon Crawl Stone Soup version 0.31-a0-819-gf6de2f5ab6 (webtiles) character file.

Game seed: 9740396673099495948

10434 D12ThenQuit the Markshuman (level 11, 0/74 (77) HPs)
             Began as a Human Artificer on Sept 24, 2023.
             Was a Priest of Dithmenos.
             Killed from afar by Nergalle (21 damage)
             ... with a bolt of negative energy
             ... on level 1 of the Lair of Beasts.
             The game lasted 00:22:42 (10234 turns).

D12ThenQuit the Markshuman (Human Artificer)       Turns: 10234, Time: 00:22:43

HP:   0/74 (77)     AC:  8    Str: 22    XL:     11   Next: 92%
MP:   11/11         EV: 12    Int: 12    God:    Dithmenos [***...]
Gold: 510           SH:  0    Dex: 16    Spells: 10/10 levels left

rFire   . . .        b - +5 arbalest (drain)
rCold   + . .        (shield currently unavailable)
rNeg    . . .        K - +0 steam dragon scales
rPois   .            (no helmet)
rElec   .            O - +0 cloak
rCorr   .            i - +0 pair of gloves
SInv    .            B - +0 pair of boots
Will    .....        E - amulet of magic regeneration
Stlth   +++          H - ring of the Bequeathed God {rC+ Str+2 Slay+2}
HPRegen 0.32/turn    G - +6 ring of strength
MPRegen 0.52/turn

%: no passive effects
@: wreathed by umbra, lightly drained, invisible
A: no striking features
a: Renounce Religion, Shadow Step


You were on level 1 of the Lair of Beasts.
You worshipped Dithmenos.
Dithmenos was most pleased with you.
You visited 3 branches of the dungeon, and saw 13 of its levels.
You also visited: Bailey.

You collected 510 gold pieces.

Inventory:

Hand Weapons
 a - a +0 flail
 b - a +5 arbalest of draining (weapon)
 j - a +0 dagger
 o - a +0 short sword
 p - a +0 club
 D - the +9 trident "Woxu" {heavy, rElec rCorr Dex+3 Stlth+}
   (You found it on level 6 of the Dungeon)

   Dex+3:     It affects your dexterity (+3).
   rElec:     It insulates you from electricity.
   rCorr:     It protects you from acid and corrosion.
   Stlth+:    It makes you more stealthy.
Missiles
 f - 131 stones
Armour
 i - a +0 pair of gloves (worn)
 n - an orb of guile
 u - a +0 scale mail
 v - a +0 leather armour
 B - a +0 pair of boots (worn)
 K - +0 steam dragon scales (worn)
 O - a +0 cloak (worn)
Jewellery
 g - a ring of fire
 C - a ring of positive energy
 E - an amulet of magic regeneration (around neck)
 F - a +6 ring of intelligence
 G - a +6 ring of strength (right hand)
 H - the ring of the Bequeathed God (left hand) {rC+ Str+2 Slay+2}
   (You found it on level 6 of the Dungeon)

   [ring of protection from cold]

   Str+2:     It affects your strength (+2).
   Slay+2:    It affects your accuracy & damage with ranged weapons and melee
   (+2).
   rC+:       It protects you from cold.
 R - an amulet of faith
Wands
 c - a wand of flame (41)
 e - a wand of iceblast (1)
 r - a wand of roots (7)
 t - a wand of mindburst (14)
 J - a wand of quicksilver (13)
 T - a wand of paralysis (2)
 U - a wand of digging (5)
Scrolls
 k - a scroll of enchant armour
 l - 2 scrolls of revelation
 m - 5 scrolls of vulnerability
 w - 2 scrolls of teleportation
 y - a scroll of fog
 A - 3 scrolls of noise
 P - a scroll of amnesia {unknown}
 Q - a scroll of blinking
 S - a scroll of fear {unknown}
Potions
 h - 3 potions of might
 q - 6 potions of mutation
 s - 3 potions of curing
 x - a potion of enlightenment {unknown}
 z - a potion of haste
 I - 3 potions of attraction {unknown}
 L - 4 potions of invisibility
 M - a potion of magic {unknown}
 N - a potion of brilliance {unknown}


   Skills:
 - Level 4.2 Fighting
 + Level 16.8 Ranged Weapons
 - Level 2.0 Armour
 - Level 1.0 Dodging
 - Level 3.0 Stealth
 - Level 3.0 Evocations


You had 10 spell levels left.
You didn't know any spells.
Your spell library contained the following spells:

 Spells                   Type           Power      Damage    Failure   Level
 Shock                    Conj/Air       0%         1d3       32%         1
 Swiftness                Air            0%         N/A       69%         3
 Airstrike                Air            0%         2d(0-16)  97%         4
 Conjure Ball Lightning   Conj/Air       0%         3x3d6     100%        6
 Discord                  Hex            0%         N/A       100%        8
 Disjunction              Tloc           0%         N/A       100%        8


Dungeon Overview and Level Annotations

Branches:
Dungeon (11/15)            Temple (1/1) D:4            Lair (1/5) D:9
 Bailey (visited)
    Orc: D:9-12

Altars:
Ashenzari
Cheibriados
Dithmenos
Elyvilon
Fedhas
Gozag
Hepliaklqana
Kikubaaqudgha
Makhleb
Nemelex Xobeh
Okawaru
Qazlal
Ru
Sif Muna
Trog
Uskayaw
Vehumet
Wu Jian
Xom
Yredelemnul
Zin
The Shining One

Annotations:
D:9 exclusion: orange crystal statue
D:10 Urug
Lair:1 Nergalle


Message History

As you read the scroll of blinking, it crumbles to dust.
Unknown command.
Aiming: Charm
Press: ? - help, Shift-Dir - straight line, f - cane toad
Aim: a cane toad (translocational energy, severely wounded, unable to see you, lightly drained, chance to affect: 59%)
The cane toad resists with significant effort.
The now-empty wand crumbles to dust.
Unknown command.
Aiming: Iceblast
Press: ? - help, Shift-Dir - straight line, f - spectral orc, p - cane toad
Aim: a spectral orc, wielding a +0 club and wearing a +0 leather armour (summoned)
The mass of ice explodes!
The iceblast engulfs the spectral orc!!
The spectral orc partially resists.
You destroy the spectral orc!
The spectral orc disappears in a puff of smoke!
The iceblast engulfs the cane toad!!
You kill the cane toad!
Dithmenos accepts your kill.
The iceblast engulfs the spectral orc!
The spectral orc partially resists.
You destroy the spectral orc!
The spectral orc disappears in a puff of smoke!
The iceblast engulfs the spectral orc warlord!
The spectral orc warlord partially resists.
The spectral orc warlord is lightly damaged.
The iceblast engulfs Nergalle.
Nergalle partially resists.
Nergalle is severely wounded.
Aiming: Iceblast
Press: ? - help, Shift-Dir - straight line, f - spectral orc warlord
Aim: a spectral orc warlord, wielding a +2 heavy dire flail and wearing a +0 plate armour (black smoke, lightly damaged, summoned, umbra)
The mass of ice explodes!
The iceblast engulfs the spectral orc warlord!
The spectral orc warlord partially resists.
The spectral orc warlord is moderately damaged.
The iceblast engulfs the plant!!
The plant begins to die.
The plant is lightly damaged.
The iceblast engulfs Nergalle!
Nergalle partially resists.
Nergalle is severely wounded.
Nergalle casts a spell at you. The bolt of negative energy hits you!!
You feel drained.
You die...

#..........# ..##..
....#....#.....#
.........#†Z...# .?
.....###.P.o...# #.# #
..........§....##.### ..
..........Z.......... ...
...........................
..>.......................[
..........@................
...........................
............†.....+P#.P....
................##.##.#....
###.###.#......##....+....
#. ...##.....##...##....
$... #.....#P...##.... ....
#....††....##....
#.....##...##....


You could see Nergalle (drained), a spectral orc knight (summoned) and a
spectral orc warlord (summoned).

Vanquished Creatures
  Erica (D:9)
  An orc knight (Bailey)
  A cane toad (Lair:1)
  A polar bear (Lair:1)
  Prince Ribbit (D:8)
  5 blink frogs (Lair:1)
  6 wyverns
  A vampire (D:10)
  17 yaks
  A basilisk (D:9)
  A steam dragon (D:7)
  3 water moccasins (D:9)
  4 orc warriors
  3 black bears
  A sky beast (D:7)
  An ogre (D:6)
  5 wolves
  2 centaurs (D:7)
  7 bullfrogs
  3 kobold brigands
  5 scorpions
  5 wights (D:6)
  3 howler monkeys (D:10)
  2 jellies
  4 hounds
  4 orc priests
  10 iguanas
  A gnoll bouda (D:4)
  A sleepcap (D:6)
  5 orc wizards
  8 gnolls
  6 adders
  2 white imps
  A worm (D:1)
  A dart slug (D:2)
  34 orcs
  5 ball pythons
  4 endoplasms
  3 giant cockroaches
  5 goblins
  6 hobgoblins
  8 jackals
  3 quokkas
  8 bats
  4 frilled lizards
  20 kobolds
  6 rats
229 creatures vanquished.

Vanquished Creatures (collateral kills)
  An orc warrior (Bailey)
  6 orcs (Bailey)
7 creatures vanquished.

Vanquished Creatures (others)
  An orc warrior (Bailey)
  A gnoll (D:2)
2 creatures vanquished.

Grand Total: 238 creatures vanquished

Notes
Turn   | Place    | Note
-------+----------+-------------------------------------------
     0 | D:1      | D12ThenQuit the Human Artificer began the quest for the
                  | Orb.
     0 | D:1      | Reached XP level 1. HP: 15/15 MP: 1/1
   301 | D:1      | Reached XP level 2. HP: 15/21 MP: 2/2
  1018 | D:2      | Reached XP level 3. HP: 24/27 MP: 3/3
  1599 | D:2      | Reached XP level 4. HP: 22/34 MP: 4/4
  2278 | D:2      | Reached XP level 5. HP: 24/41 MP: 5/5
  3253 | D:4      | Reached skill level 1 in Ranged Weapons
  3293 | D:4      | Reached skill level 2 in Ranged Weapons
  3293 | D:4      | Reached XP level 6. HP: 46/48 MP: 6/6
  3309 | D:4      | Found a sacrificial altar of Ru.
  3671 | D:4      | Reached skill level 3 in Ranged Weapons
  3704 | D:4      | Found a staircase to the Ecumenical Temple.
  3786 | Temple   | Entered the Ecumenical Temple
  3828 | Temple   | Became a worshipper of Dithmenos the Shadowed
  3917 | D:4      | Reached skill level 4 in Ranged Weapons
  3917 | D:4      | Reached XP level 7. HP: 45/54 MP: 7/7
  4213 | D:5      | Entered Level 5 of the Dungeon
  4222 | D:4      | Reached skill level 5 in Ranged Weapons
  4649 | D:5      | Reached skill level 6 in Ranged Weapons
  4707 | D:5      | Reached XP level 8. HP: 60/60 MP: 8/8
  4741 | D:5      | Reached * piety under Dithmenos
  5122 | D:6      | Identified the +9 trident "Woxu" {heavy, rElec rCorr Dex+3
                  | Stlth+}
  5259 | D:6      | Reached skill level 7 in Ranged Weapons
  5396 | D:6      | Reached skill level 8 in Ranged Weapons
  5405 | D:6      | Found a sparkling altar of Nemelex Xobeh.
  5405 | D:6      | Found a stormy altar of Qazlal.
  5452 | D:6      | Found a white marble altar of Elyvilon.
  5456 | D:6      | Found a radiant altar of Vehumet.
  5458 | D:6      | Identified the ring of the Bequeathed God {rC+ Str+2
                  | Slay+2}
  5464 | D:6      | Found a broken altar of Ashenzari.
  5468 | D:6      | Found an iron altar of Okawaru.
  5472 | D:6      | Found a basalt altar of Yredelemnul.
  5659 | D:7      | Reached skill level 9 in Ranged Weapons
  5659 | D:7      | Reached XP level 9. HP: 65/65 MP: 9/9
  5994 | D:7      | Reached skill level 10 in Ranged Weapons
  6587 | D:8      | Found a flagged portal.
  6601 | Bailey   | Entered a bailey
  6677 | Bailey   | Reached ** piety under Dithmenos
  6717 | Bailey   | Reached skill level 11 in Ranged Weapons
  6753 | Bailey   | Noticed an orc knight
  6763 | Bailey   | Killed an orc knight
  6764 | Bailey   | Reached XP level 10. HP: 58/72 MP: 10/10
  6771 | Bailey   | Noticed an orc knight
  7022 | D:8      | Reached skill level 12 in Ranged Weapons
  7158 | D:8      | Reached skill level 13 in Ranged Weapons
  7196 | D:8      | Noticed Prince Ribbit
  7202 | D:8      | Killed Prince Ribbit
  8241 | D:9      | Found a glowing golden altar of the Shining One.
  8257 | D:9      | Noticed Erica
  8348 | D:9      | Reached *** piety under Dithmenos
  8360 | D:9      | Reached skill level 14 in Ranged Weapons
  8392 | D:9      | Reached XP level 11. HP: 75/77 MP: 11/11
  8405 | D:9      | Found a staircase to the Lair.
  8411 | D:9      | Killed Erica
  8412 | D:9      | Reached skill level 15 in Ranged Weapons
  8841 | D:9      | You fall into a shaft and drop 2 floors!
  8897 | D:10     | Entered Level 10 of the Dungeon
  8976 | D:9      | Noticed an orange crystal statue
  9011 | D:9      | Found a blossoming altar of Fedhas.
  9569 | D:10     | Reached skill level 16 in Ranged Weapons
  9735 | D:10     | Noticed Urug
  9990 | Lair:1   | Entered Level 1 of the Lair of Beasts
 10217 | Lair:1   | Noticed Nergalle
 10221 | Lair:1   | Noticed a spectral orc warlord
 10234 | Lair:1   | Killed from afar by Nergalle

Illustrated notes

Levels and vault maps discovered:
D:1:      dpeg_arrival_long_road, layout_basic
D:2:      layout_loops_ring
D:3:      layout_loops_ring
D:4:      layout_basic, nicolae_ru_path_of_blood, minmay_temple_entry_grid
D:5:      layout_cave_pools
D:6:      layout_gridville, nicolae_overflow_hallway_of_the_gods
D:7:      layout_layer_cave, serial_bayou_crossing
D:8:      layout_basic, enter_bailey_2, kennysheep_generic_room_9,
          uniq_prince_ribbit1
D:9:      minmay_statue_hallways, layout_irregular_city, lemuel_crystal_altar,
          lemuel_coloured_pillars_altar, minmay_lair_entry_grove,
          nicolae_letterblocks [nicolae_letter_subblock,
          nicolae_letter_subblock, nicolae_letter_subblock,
          nicolae_letter_subblock, nicolae_letter_subblock,
          nicolae_letter_subblock, nicolae_letter_subblock,
          nicolae_letter_subblock, nicolae_letter_subblock,
          nicolae_letter_subblock, nicolae_letter_subblock,
          nicolae_letter_subblock, nicolae_letter_subblock,
          nicolae_letter_subblock, nicolae_letter_subblock,
          nicolae_letter_subblock, nicolae_letter_subblock,
          nicolae_letter_subblock, nicolae_letter_subblock,
          nicolae_letter_subblock, nicolae_letter_subblock,
          nicolae_letter_subblock, nicolae_letter_subblock,
          nicolae_letter_subblock, nicolae_letter_subblock], uniq_erica
D:10:     layout_stronghold, uniq_urug
D:11:     minmay_the_grid_square_5x5_4x4_mashed [minmay_the_grid_square_5x5_c,
          minmay_the_grid_square_5x5_two_walls_b,
          minmay_the_grid_square_5x5_almost_minimal,
          minmay_the_grid_square_5x5_inner_v,
          minmay_the_grid_square_5x5_minimal,
          minmay_the_grid_square_5x5_prize_itemx,
          minmay_the_grid_square_5x5_prize_deathbox,
          minmay_the_grid_square_5x5_fat_x,
          minmay_the_grid_square_5x5_beaten_path,
          minmay_the_grid_square_5x5_prize_junk,
          minmay_the_grid_square_5x5_prize_monsterx,
          minmay_the_grid_square_5x5_three, minmay_the_grid_square_5x5_inner_i,
          minmay_the_grid_square_5x5_bite,
          minmay_the_grid_square_5x5_doubleslash,
          minmay_the_grid_square_5x5_tri_point], layout_layer_cave,
          hiddenorc1_lemuel, serial_shops, nicolae_shop_tiny_waterfront,
          enter_trove_2, dreamdust_wishing_well, uniq_fannar, uniq_gastronok
Temple:   nicolae_temple_slightly_damp_pantheon
Lair:1:   layout_regular_city, gammafunk_ghost_hydra_chop, minmay_holes,
          grunt_megastairs_5, infiniplex_staircase_pool_2, uniq_nergalle

Skill      XL: |  1  2  3  4  5  6  7  8  9 10 11 |
---------------+----------------------------------+-----
Stealth        | 2 3 |  3.0
Fighting       | 2 3 4 |  4.2
Ranged Weapons | 2 4 6 9 11 14 16 | 16.8
Armour         | |  2.0
Dodging        | |  1.0
Evocations     | |  3.0

Action                     |  1- 3 |  4- 6 |  7- 9 | 10-12 || total
---------------------------+-------+-------+-------+-------++-------
  Melee: Club              |    68 |       |       |       ||    68
         Dagger            |    73 |       |       |       ||    73
         Short sword       |    15 |       |       |       ||    15
         Flail             |     9 |    96 |       |       ||   105
   Fire: Arbalest          |       |    54 |   170 |   245 ||   469
  Throw: Stone             |       |     5 |       |       ||     5
  Evoke: Wand              |     6 |     1 |     8 |    18 ||    33
    Use: Scroll            |       |       |     8 |     9 ||    17
         Potion            |       |       |     1 |     2 ||     3
   Stab: Sleeping          |     3 |     2 |       |       ||     5
 Armour: Leather armour    |   124 |    93 |    53 |       ||   270
         Steam dragon scal |       |       |    14 |   110 ||   124
  Dodge: Dodged            |   104 |   107 |    71 |    98 ||   380

Table legend: (Time is in decaauts)
 A = Elapsed time spent in this place.
 B = Non-inter-level travel time spent in this place.
 C = Inter-level travel time spent in this place.
 D = Time resting spent in this place.
 E = Time spent auto-exploring this place.
 F = Levels seen in this place.
 G = Mean time per level.
                   A        B        C        D        E       F      G
               +--------+--------+--------+--------+--------+-----+--------+
         Total |  10507 |   9989 |    518 |   1617 |   5729 |  14 |  750.5 |
       Dungeon |   9958 |   9477 |    481 |   1527 |   5635 |  11 |  905.3 |
        Temple |     61 |     24 |     37 |      0 |      0 |   1 |   61.0 |
          Lair |    248 |    248 |      0 |     90 |     72 |   1 |  248.0 |
        Bailey |    238 |    238 |      0 |      0 |     21 |   1 |  238.0 |
               +--------+--------+--------+--------+--------+-----+--------+

Top non-repeatable levels by time:
     D:4: 1355 daAuts
     D:1: 1322 daAuts
     D:8: 1247 daAuts
     D:9: 1189 daAuts
     D:2: 1175 daAuts
     D:7: 949 daAuts
    D:10: 788 daAuts
     D:3: 703 daAuts
     D:5: 660 daAuts
     D:6: 510 daAuts
  Lair:1: 248 daAuts
  Bailey: 238 daAuts
  Temple: 61 daAuts
    D:11: 55 daAuts
